 Dungeon Crawl Stone Soup version 0.23.2-40-g277498a (webtiles) character file.

Game seed: 12340705466447003876

633 CrazyJ the Shooter (level 7, 0/56 HPs)
             Began as a Centaur Arcane Marksman on Sept 11, 2019.
             Killed by nerve-wracking pain
             ... invoked by Menkaure
              (12 damage)
             ... on level 4 of the Dungeon.
             The game lasted 00:29:13 (5116 turns).

CrazyJ the Shooter (Centaur Arcane Marksman)        Turns: 5116, Time: 00:29:15

Health: 0/56       AC: 15    Str: 12    XL:     7   Next: 24%
Magic:  10/10      EV:  3    Int: 12    God:
Gold:   202        SH:  0    Dex: 12    Spells: 6/10 levels left

rFire    + + .     SeeInvis .   H - +1 flail (protect)
rCold    + + .     Gourm    .   (no shield)
rNeg     . . .     Faith    .   j - +1 chain mail {rPois}
rPois    +         Spirit   .   (no helmet)
rElec    +         Reflect  .   w - scarf {rC+ rF+}
rCorr    +         Harm     .   (no gloves)
MR       .....                  (no barding)
Stlth    ..........             (no amulet)
HPRegen  0.18/turn              (no ring)
MPRegen  0.12/turn              (no ring)

@: resistant, protection aura, very quick
A: large, hooves 3, deformed body, speed 2, tough skin 3
a: no special abilities


You were on level 4 of the Dungeon.
You were not hungry.

You visited 2 branches of the dungeon, and saw 5 of its levels.

You collected 202 gold pieces.

Inventory:

Hand Weapons
 a - a +0 shortbow
 o - a +0 hunting sling
 s - a +1 dagger of venom
 u - a +1 flail of venom
 H - a +1 flail of protection (weapon)
Missiles
 d - 10 arrows
 r - 16 poisoned needles
 y - 48 stones (quivered)
 B - 8 silver tomahawks
 E - 10 sling bullets
Armour
 b - a +0 chain mail
 e - a +0 robe
 h - a +0 leather armour
 j - a +1 chain mail of poison resistance (worn)
 l - a +0 ring mail
 m - a +0 robe of the Archmagi
 n - a +4 scale mail
 w - a scarf of resistance (worn)
 I - a +2 chain mail of cold resistance
Wands
 c - a wand of acid (10)
 p - a wand of digging (6)
 L - a wand of paralysis (12)
Scrolls
 g - 8 scrolls of identify {unknown}
 k - 2 scrolls of fear {unknown}
 q - 2 scrolls of blinking {unknown}
 v - 2 scrolls of amnesia {unknown}
 x - 2 scrolls of enchant weapon {unknown}
 z - a scroll of enchant armour {unknown}
 F - a scroll of teleportation {unknown}
 K - a scroll of remove curse {unknown}
Potions
 i - 2 potions of berserk rage {unknown}
 t - a potion of agility {unknown}
 A - a potion of brilliance {unknown}
 C - a potion of heal wounds {unknown}
 D - 2 potions of curing
 G - a potion of might {unknown}
 J - a potion of resistance
Comestibles
 f - 8 rations
 M - 2 chunks of flesh


   Skills:
 + Level 2.5 Fighting
 + Level 2.2 Slings
 * Level 5.5 Bows
 * Level 2.5 Armour
 - Level 1.4 Dodging
 + Level 2.2 Spellcasting
 * Level 4.3 Hexes


You had 6 spell levels left.
You knew the following spells:

 Your Spells              Type           Power        Failure   Level  Hunger
a - Corona                Hex            ##.....      87%         1    ##.....
b - Slow                  Hex            ##......     95%         2    ###....
c - Confusing Touch       Hex            ##....       87%         1    ##.....

Your spell library contained the following spells:

 Spells                   Type           Power        Failure   Level  Hunger
 Animate Skeleton         Necr           N/A          100%        1    ##.....
 Apportation              Tloc           #.....       100%        1    ##.....
 Summon Small Mammal      Summ           #...         100%        1    ##.....
 Inner Flame              Hex/Fire       #.......     100%        3    ####...
 Portal Projectile        Hex/Tloc       #.....       100%        3    ####...
 Cause Fear               Hex            ##........   100%        4    #####..
 Leda's Liquefaction      Hex/Erth       #.........   100%        4    #####..


Dungeon Overview and Level Annotations

Branches:
Dungeon (4/15)             Temple (1/1) D:4

Altars:
Ashenzari
Cheibriados
Makhleb
Ru
Sif Muna
Trog
Uskayaw
Vehumet
Wu Jian
Yredelemnul
Zin

Annotations:
D:4 Menkaure


Innate Abilities, Weirdness & Mutations

You have hooves in place of feet.
Armour fits poorly on your strangely shaped body.
You cover ground very quickly.
You have extremely tough skin. (AC +3)


Message History

It was a potion of resistance.
You feel protected.
Firing (i - inventory. (/) - cycle)
d - 10 arrows (quivered)
Press: ? - help, Shift-Dir - straight line, f/p - Menkaure
Aim: Menkaure (moderately damaged, fast)
Okay, then.
Wield which item (- for none, * to show all)? (? for menu, Esc to quit)
Your +1 flail of protection hums with potential!
H - a +1 flail of protection (weapon)
Menkaure casts a spell at you. Pain shoots through your body!
* * * LOW HITPOINT WARNING * * *
You feel better. Menkaure hits you but does no damage.
You hit Menkaure but do no damage.
Your weapon exudes an aura of protection.
Your kick misses Menkaure.
Menkaure is moderately damaged.
Menkaure casts a spell at you. Pain shoots through your body!
You die...

#...#...........#
###'#...........#
#....#'######'##.
#....#........#..
#....#........#..
#....#........#..
######+#....####'######.
......................#.
.......@..............#.
.......M..............'.
......................#.
####.......).........)#.
#..(...............#.
#..((..........####..
#....########### #..
#...(# ##. #.


You could see Menkaure.

Vanquished Creatures
  Sigmund (D:4)
  Edmund (D:4)
  A howler monkey (D:4)
  A hound (D:4)
  An orc priest (D:4)
  2 orc wizards
  An iguana (D:4)
  2 worker ants (D:4)
  6 adders
  2 oozes
  3 worms
  A dart slug (D:1)
  2 leopard geckos
  7 orcs
  7 giant cockroaches
  10 goblins
  11 hobgoblins
  5 kobolds
  A quokka (D:2)
  2 ball pythons
  4 bats
  4 frilled lizards
  2 quokka skeletons
  9 rats
86 creatures vanquished.

Notes
Turn   | Place    | Note
-------+----------+-------------------------------------------
     0 | D:1      | CrazyJ the Centaur Arcane Marksman began the quest for the
                  | Orb.
     0 | D:1      | Reached XP level 1. HP: 16/16 MP: 2/2
   144 | D:1      | Reached skill level 3 in Bows
   194 | D:1      | Reached XP level 2. HP: 21/23 MP: 3/3
   734 | D:1      | Learned a level 2 spell: Slow
  1151 | D:2      | Reached XP level 3. HP: 28/28 MP: 4/4
  1489 | D:2      | Learned a level 1 spell: Confusing Touch
  1817 | D:2      | Reached skill level 1 in Armour
  2086 | D:2      | Reached XP level 4. HP: 34/35 MP: 6/6
  3042 | D:3      | Reached skill level 1 in Slings
  3042 | D:3      | Reached skill level 4 in Bows
  3042 | D:3      | Reached XP level 5. HP: 28/41 MP: 7/7
  3263 | D:3      | Found a burning altar of Makhleb.
  3263 | D:3      | Found an ornate altar of the Wu Jian Council.
  3764 | D:4      | Noticed Edmund
  3786 | D:4      | Killed Edmund
  3786 | D:4      | Reached XP level 6. HP: 20/48 MP: 8/8
  3815 | D:4      | Noticed Sigmund
  3833 | D:4      | Killed Sigmund
  3833 | D:4      | Reached skill level 5 in Bows
  4250 | D:4      | Reached XP level 7. HP: 44/56 MP: 10/10
  4596 | D:4      | Found a staircase to the Ecumenical Temple.
  4618 | Temple   | Entered the Ecumenical Temple
  5103 | D:4      | Noticed Menkaure
  5116 | D:4      | Killed from afar by Menkaure

Skill      XL: |  1  2  3  4  5  6 |
---------------+-------------------+-----
Bows           | 3 4 5 |  5.5
Hexes          | 3 4 |  4.3
Armour         | 1 2 |  2.5
Slings         | 1 2 |  2.2
Fighting       | 2 |  2.5
Spellcasting   | 2 |  2.2
Dodging        | |  1.4

Action                   |  1- 3 |  4- 6 |  7- 9 || total
-------------------------+-------+-------+-------++-------
Melee: Dagger            |       |    44 |    18 ||    62
       Kick              |       |    16 |     5 ||    21
       Flail             |       |       |     1 ||     1
 Fire: Shortbow          |    75 |    18 |     8 ||   101
       Hunting sling     |    66 |   152 |       ||   218
 Cast: Corona            |     2 |       |       ||     2
       Slow              |     2 |       |       ||     2
       Confusing Touch   |     1 |       |       ||     1
  Use: Potion            |       |     1 |     2 ||     3
  Eat: Chunk             |     2 |     6 |     2 ||    10
Armor: Chain mail        |    21 |    39 |    11 ||    71
       Robe              |    17 |       |       ||    17
       Scale mail        |    11 |    74 |       ||    85
Dodge: Dodged            |    25 |    46 |     1 ||    72
